 Dungeon Crawl Stone Soup version 0.29.0-11-gd7f09526c8 (webtiles) character file.

Game seed: 2592825549769783884

1236 nickcage the Spear-Bearer (level 8, -6/62 HPs)
             Began as a Merfolk Gladiator on Sept 2, 2022.
             Mangled by an orc warrior
             ... wielding a +0 scimitar
              (13 damage)
             ... on level 6 of the Dungeon.
             The game lasted 00:12:26 (5340 turns).

nickcage the Spear-Bearer (Merfolk Gladiator)       Turns: 5340, Time: 00:12:26

Health: -6/62      AC: 12    Str: 17    XL:     8   Next: 49%
Magic:  8/8        EV:  6    Int:  7    God:
Gold:   309        SH:  0    Dex: 15    Spells: 7/7 levels left

rFire   . . .      SeeInvis .   y - +0 halberd
rCold   . . .      Faith    .   (shield currently unavailable)
rNeg    . . .      Spirit   .   o - +0 plate armour
rPois   .          Reflect  .   c - +0 helmet
rElec   .          Harm     .   (no cloak)
rCorr   .          Rampage  .   (no gloves)
Will    .....                   (no boots)
Stlth   ..........              (no amulet)
HPRegen 0.20/turn               (no ring)
MPRegen 0.11/turn               (no ring)

@: no status effects
A: (nimble swimmer 2), mertail
a: no special abilities


You were on level 6 of the Dungeon.
You visited 1 branch of the dungeon, and saw 6 of its levels.

You collected 309 gold pieces.

Inventory:

Hand Weapons
 a - a +0 trident
 y - a +0 halberd (weapon)
Missiles
 d - 4 throwing nets
Armour
 b - a +0 leather armour
 c - a +0 helmet (worn)
 g - a +0 scale mail
 o - a +0 plate armour (worn)
Jewellery
 q - a ring of ice
 x - an amulet of the acrobat
Wands
 r - a wand of flame (13) (quivered)
 z - a wand of charming (6)
Scrolls
 h - a scroll of noise {unknown}
 i - 2 scrolls of identify
 k - 3 scrolls of silence {unknown}
 l - 2 scrolls of brand weapon {unknown}
 p - a scroll of amnesia {unknown}
 s - a scroll of enchant weapon {unknown}
 t - a scroll of magic mapping {unknown}
 u - a scroll of poison {unknown}
 w - a scroll of blinking {unknown}
Potions
 e - a potion of flight {unknown}
 f - 2 potions of heal wounds {unknown}
 j - 3 potions of brilliance
 m - 3 potions of curing {unknown}
 n - 2 potions of attraction {unknown}
 v - a potion of cancellation {unknown}


   Skills:
 + Level 5.1 Fighting
 + Level 10.5 Polearms
 - Level 2.0 Throwing
 + Level 3.5 Armour
 - Level 4.0 Dodging


You had 7 spell levels left.
You didn't know any spells.
Your spell library contained the following spells:

 Spells                   Type           Power      Damage    Failure   Level
 Static Discharge         Conj/Air       0%         3-3/arc   100%        2
 Fulminant Prism          Conj/Hex       0%         3d6       100%        4
 Iskenderun's Mystic Bla  Conj/Tloc      0%         2d3       100%        4
 Lee's Rapid Deconstruct  Erth           0%         3d5*      100%        5
 Lightning Bolt           Conj/Air       0%         1d11      100%        5
 Maxwell's Capacitive Co  Air            0%         ∞         100%        8


Dungeon Overview and Level Annotations

Branches:
Dungeon (6/15)
 Temple: D:4-7

Altars:
Fedhas
Qazlal
Ru

Portals:
Abyss: D:5

Annotations:
D:5 2 transporters, Splishie's ghost, weakling SpWr


Innate Abilities, Weirdness & Mutations

((You are very nimble when in or above water. (Stealth+, EV+, Speed+++)))
Your lower body shifts to a powerful aquatic tail in water.


Message History

The howler monkey howls!
You hear a shout!
You puncture the orc!
You kill the orc!
You puncture the orc priest!
The orc priest is almost dead.
The orc priest barely misses you.
The orc warrior hits you with a +0 scimitar!
You hit the orc priest.
You kill the orc priest!
The howler monkey hits you but does no damage.
The orc warrior hits you with a +0 scimitar!
You hit the howler monkey but do no damage.
The howler monkey hits you but does no damage.
The orc warrior barely misses you. The howler monkey hits you.
You slash the howler monkey!
The howler monkey is severely wounded.
The orc warrior hits you but does no damage.
The howler monkey hits you but does no damage.
You slash the howler monkey!
You kill the howler monkey!
A white imp comes into view.
The orc warrior hits you but does no damage.
You barely miss the orc warrior.
The orc warrior hits you with a +0 scimitar!
You closely miss the orc warrior.
The orc warrior hits you with a +0 scimitar!
You are too injured to fight recklessly!
You are too injured to fight recklessly!
You are too injured to fight recklessly!
You slash the orc warrior!
The orc warrior is moderately wounded.
The orc warrior hits you with a +0 scimitar!
* * * LOW HITPOINT WARNING * * *
The white imp gestures at you. The puff of frost hits you.
* * * LOW HITPOINT WARNING * * *
You completely miss the orc warrior.
The orc warrior is moderately wounded.
The orc warrior hits you with a +0 scimitar!
You die...

...............
................
.....5...........
..................
#.........<.......
#.................
..........o.......
#.........@)......
##.................
#..................
##..................
##...................
###....................
#......................
.###....................
.......................


You could see an orc warrior and a white imp.

Vanquished Creatures
  Grinder (D:3)
  An ogre (D:2)
  3 phantoms
  A howler monkey (D:6)
  3 orc priests
  4 jellies
  A gnoll bouda (D:5)
  2 iguanas
  4 orc wizards
  Robin (D:2)
  9 adders
  4 gnolls (D:5)
  3 white imps
  4 worms
  5 dart slugs
  18 orcs
  8 ball pythons
  7 bats
  10 endoplasms
  4 giant cockroaches
  12 goblins
  8 hobgoblins
  7 jackals
  3 quokkas
  4 frilled lizards
  9 kobolds
  2 rats (D:2)
138 creatures vanquished.

Vanquished Creatures (others)
  3 fungi (D:1)
  4 toadstools (D:1)
7 creatures vanquished.

Grand Total: 145 creatures vanquished

Notes
Turn   | Place    | Note
-------+----------+-------------------------------------------
     0 | D:1      | nickcage the Merfolk Gladiator began the quest for the Orb.
     0 | D:1      | Reached XP level 1. HP: 16/16 MP: 1/1
   196 | D:1      | Reached XP level 2. HP: 22/22 MP: 2/2
   326 | D:1      | Reached skill level 5 in Polearms
   494 | D:1      | Reached XP level 3. HP: 25/27 MP: 3/3
   612 | D:1      | Found a faded altar of an unknown god.
   726 | D:2      | Reached skill level 6 in Polearms
   754 | D:2      | Reached XP level 4. HP: 17/33 MP: 4/4
  1119 | D:2      | Noticed Robin
  1122 | D:2      | Reached skill level 7 in Polearms
  1500 | D:2      | Killed Robin
  1655 | D:2      | Reached XP level 5. HP: 37/38 MP: 5/5
  1779 | D:2      | Noticed an ogre
  1788 | D:2      | Killed an ogre
  1789 | D:2      | Reached skill level 8 in Polearms
  1789 | D:2      | Reached XP level 6. HP: 17/44 MP: 6/6
  2094 | D:2      | Identified the +8 mace of Yesterday {drain, rElec Int+3}
  2524 | D:3      | Noticed Grinder
  2543 | D:3      | Paralysed by Grinder for 3 turns
  2551 | D:3      | Killed Grinder
  2552 | D:3      | Reached skill level 10 in Polearms
  2700 | D:3      | Reached XP level 7. HP: 50/50 MP: 7/7
  2899 | D:3      | Found a stormy altar of Qazlal.
  3115 | D:4      | Reached skill level 1 in Armour
  4282 | D:4      | You fall into a shaft and drop 1 floor!
  4282 | D:5      | Entered Level 5 of the Dungeon
  4296 | D:5      | Found a transporter.
  4296 | D:5      | Found a transporter.
  4297 | D:5      | Found a one-way gate to the infinite horrors of the Abyss.
  4297 | D:5      | Noticed Splishie's ghost (weakling SpWr)
  4340 | D:5      | Reached XP level 8. HP: 60/60 MP: 8/8
  4904 | D:5      | Reached skill level 5 in Fighting
  5002 | D:5      | Found a sacrificial altar of Ru.
  5262 | D:6      | Found a blossoming altar of Fedhas.
  5340 | D:6      | Mangled by an orc warrior

Illustrated notes

Levels and vault maps discovered:
D:1:      psy_arrival_whirlpool, layout_rooms, ebering_ecumenical_altar_mist,
          minmay_gold_behind_fungi
D:2:      layout_basic, uniq_robin
D:3:      layout_rooms, mainiacjoe_overflow_alcove_4, uniq_grinder
D:4:      layout_basic, uniq_sigmund
D:5:      layout_basic, nicolae_ru_path_of_blood,
          gammafunk_ghost_abyssal_escape, grunt_ministairs_2
D:6:      layout_basic, mainiacjoe_overflow_24_doors, tgw_trog

Skill      XL: |  1  2  3  4  5  6  7  8 |
---------------+-------------------------+-----
Polearms       | 5 6 7 8 10 | 10.5
Armour         | 2 3 |  3.5
Fighting       | 4 5 |  5.1
Throwing       | |  2.0
Dodging        | |  4.0

Action                   |  1- 3 |  4- 6 |  7- 9 || total
-------------------------+-------+-------+-------++-------
Melee: Trident           |   112 |   148 |   224 ||   484
       Punch             |     3 |       |     1 ||     4
       Halberd           |       |       |    41 ||    41
Throw: Javelin           |       |     2 |       ||     2
Evoke: Wand              |       |       |     4 ||     4
  Use: Scroll            |       |     4 |       ||     4
 Stab: Distracted        |       |     1 |       ||     1
Armor: Scale mail        |    38 |    34 |       ||    72
       Plate armour      |       |    18 |    90 ||   108
Dodge: Dodged            |    60 |    64 |    51 ||   175
